[Event "fics rated crazyhouse match"]
[Site "fics, Oklahoma City, OK USA"]
[Date "2000.11.26"]
[White "liveZ"]
[WhiteElo "2296"]
[Black "Gobi"]
[BlackElo "2392"]
[TimeControl "60+0"]
[Result "1-0"]

1. e4 Nc6 2. Nf3 Nf6 3. Nc3 e5 4. Bb5 Bc5 5. d3 O-O 6. Bg5 
Bxf2+ 7. Kxf2 Ng4+ 8. Ke1 Qxg5 9. Nxg5 B@h4+ 10. B@g3 P@f2+ 11. Ke2 Nd4+ 
12. Kf1 Ne3+ 13. Kxf2 Bxg3+ 14. hxg3 Nxd1+ 15. Raxd1 B@c5 16. P@e3 Nxb5 17. B@d2 
Nxc3 18. Q@f3 d5 19. Nxh7 N@g4+ 20. Kg1 Q@f2+ 21. Qxf2 Nxf2 22. N@f6+ gxf6 
23. Nxf6# 
{Gobi forfeits on time} 1-0

[Event "fics rated crazyhouse match"]
[Site "fics, Oklahoma City, OK USA"]
[Date "2000.11.26"]
[White "Gobi"]
[WhiteElo "2382"]
[Black "liveZ"]
[BlackElo "2306"]
[TimeControl "60+0"]
[Result "1-0"]

1. e4 e6 2. Nc3 d5 3. Nf3 dxe4 4. Nxe4 Nc6 5. Bb5 Bd7 6. Neg5 
P@f6 7. Nxf7 Kxf7 8. Bxc6 Bxc6 9. N@e5+ fxe5 10. Nxe5+ Ke7 11. Nxc6+ bxc6 
12. d4 Nf6 13. P@e5 Nd5 14. B@h4+ B@f6 15. exf6+ gxf6 16. P@e5 Bg7 17. P@h6 
Rg8 18. hxg7 Kd7 19. exf6 Nxf6 20. Bxf6 P@e7 21. N@c5+ Kc8 22. P@b7# 
{liveZ resigns} 1-0

[Event "fics rated crazyhouse match"]
[Site "fics, Oklahoma City, OK USA"]
[Date "2000.11.26"]
[White "liveZ"]
[WhiteElo "2300"]
[Black "Gobi"]
[BlackElo "2388"]
[TimeControl "60+0"]
[Result "1-0"]

1. e4 Nf6 2. e5 Nd5 3. Nc3 e6 4. Bc4 Nb6 5. Be2 Nc6 6. Nf3 
d6 7. d4 Bd7 8. O-O dxe5 9. Nxe5 Nxe5 10. dxe5 Bc6 11. N@h5 Qxd1 
12. Nxd1 N@h3+ 13. Kh1 Q@g6 14. Q@g3 Rd8 15. P@d3 Qxg3 16. hxg3 P@f3 17. Bxf3 
Bxf3 18. gxf3 B@e2 19. Q@g2 Bxd1 20. Qxh3 Bxf3+ 21. P@g2 P@e2 22. Rg1 Q@f1 
23. Bg5 Bxg2+ 24. Qxg2 Qxg2+ 25. Rxg2 P@f3 26. Rgg1 
{Gobi forfeits on time} 1-0

[Event "fics rated crazyhouse match"]
[Site "fics, Oklahoma City, OK USA"]
[Date "2000.11.27"]
[White "VampireGod"]
[WhiteElo "2251"]
[Black "liveZ"]
[BlackElo "2352"]
[TimeControl "180+0"]
[Result "0-1"]

1. e3 e6 2. d4 d5 3. Nc3 Nf6 4. Nf3 Bb4 5. Bd2 Bxc3 6. bxc3 
Ne4 7. Bd3 Nc6 8. O-O Nxd2 9. Nxd2 f5 10. N@h5 O-O 11. Nf3 B@g4 
12. B@h4 Qe8 13. Ng3 N@e4 14. Bxe4 dxe4 15. N@g5 exf3 16. gxf3 Bxf3 17. Qxf3 
B@g4 18. Qg2 P@f3 19. Nxf3 Bxf3 20. Qxf3 N@d2 21. Qd1 N@f3+ 22. Kh1 Nxh4 
23. P@g2 B@d5 24. B@h3 Nxg2 25. Bxg2 Bxg2+ 26. Kxg2 B@f3+ 27. Qxf3 Nxf3 28. Kxf3 
Qh5# 
{VampireGod resigns} 0-1

[Event "fics rated crazyhouse match"]
[Site "fics, Oklahoma City, OK USA"]
[Date "2000.11.27"]
[White "liveZ"]
[WhiteElo "2358"]
[Black "VampireGod"]
[BlackElo "2245"]
[TimeControl "180+0"]
[Result "1-0"]

1. e4 e5 2. Nf3 Nc6 3. Bb5 d6 4. d4 exd4 5. Nxd4 Bd7 6. Bxc6 
bxc6 7. P@d5 B@b7 8. N@e6 fxe6 9. dxe6 Bxe6 10. Nxe6 Qe7 11. B@f5 P@g6 
12. O-O gxf5 13. exf5 c5 14. P@d5 Nf6 15. P@c6 Ba6 16. Re1 P@e2 17. Rxe2 
Bxe2 18. Qxe2 N@d4 19. Nxd4 Qxe2 20. Nxe2 R@e1+ 21. B@f1 B@c8 22. P@b7 Q@d1 
23. bxc8=Q+ Rxc8 24. B@f7+ Ke7 25. Q@e6+ Kd8 26. N@b7# 
{VampireGod checkmated} 1-0

[Event "fics rated crazyhouse match"]
[Site "fics, Oklahoma City, OK USA"]
[Date "2000.11.27"]
[White "liveZ"]
[WhiteElo "2369"]
[Black "VampireGod"]
[BlackElo "2235"]
[TimeControl "180+0"]
[Result "1-0"]

1. e4 e6 2. d4 Nc6 3. Nf3 Nf6 4. Bg5 Be7 5. Nc3 O-O 6. Bd3 
d6 7. e5 Nxd4 8. exf6 Bxf6 9. Bxf6 Qxf6 10. Nxd4 Qxd4 11. Bxh7+ Kxh7 
12. N@g5+ Kh8 13. Qxd4 B@e5 14. Q@h7# 
{VampireGod checkmated} 1-0

[Event "fics rated crazyhouse match"]
[Site "fics, Oklahoma City, OK USA"]
[Date "2000.11.27"]
[White "VABORIS"]
[WhiteElo "2357"]
[Black "venomous"]
[BlackElo "2356"]
[TimeControl "60+0"]
[Result "1-0"]

1. e4 e6 2. d4 Nc6 3. Be3 Nf6 4. Bd3 Be7 5. Nd2 d5 6. e5 
Nd7 7. Nh3 O-O 8. O-O f5 9. exf6 Bxf6 10. P@e5 Be7 11. Bxh7+ Kxh7 
12. Qh5+ P@h6 13. P@g6+ Kh8 14. Bxh6 Rf5 15. Bxg7+ Kxg7 16. Qh7+ Kf8 17. g7+ 
Ke8 18. g8=Q+ B@f8 19. P@f7+ Rxf7 20. Qgxf7# 
{venomous checkmated} 1-0

[Event "fics rated crazyhouse match"]
[Site "fics, Oklahoma City, OK USA"]
[Date "2000.11.27"]
[White "RFrancisco"]
[WhiteElo "2337"]
[Black "Ebenfelt"]
[BlackElo "2266"]
[TimeControl "120+0"]
[Result "0-1"]

1. e4 e5 2. Nf3 Nc6 3. Bc4 Bc5 4. c3 Nf6 5. d4 exd4 6. cxd4 
Bxd4 7. O-O O-O 8. Nxd4 Nxd4 9. Qxd4 P@h3 10. B@h1 d5 11. exd5 Nxd5 
12. P@h6 N@f5 13. hxg7 Nxd4 14. gxf8=Q+ Qxf8 15. R@g3+ P@g4 16. Nc3 Nxc3 
{RFrancisco resigns} 0-1

[Event "fics rated crazyhouse match"]
[Site "fics, Oklahoma City, OK USA"]
[Date "2000.11.27"]
[White "Ebenfelt"]
[WhiteElo "2277"]
[Black "RFrancisco"]
[BlackElo "2327"]
[TimeControl "120+0"]
[Result "0-1"]

1. e4 e6 2. Nc3 Nc6 3. d4 Bb4 4. Nf3 Nf6 5. Bd3 d5 6. exd5 
exd5 7. O-O Bxc3 8. bxc3 P@h3 9. gxh3 Bxh3 10. Re1+ P@e4 11. Ng5 Bg4 
12. f3 Bh5 13. P@g4 O-O 14. gxh5 Nxh5 15. P@g2 exd3 16. Qxd3 P@f2+ 17. Kxf2 
B@h4+ 18. P@g3 Bxg5 19. Bxg5 Qxg5 20. P@f4 Qg6 21. B@f5 Qxf5 22. Qxf5 B@g6 
23. Qxd5 Rad8 24. Qb5 Bxc2 25. P@e2 P@e3+ 26. Kxe3 N@d5+ 27. Kd2 B@e3+ 28. Kxc2 
N@b4+ 29. Kd1 Nxc3# 
{Ebenfelt checkmated} 0-1

[Event "fics rated crazyhouse match"]
[Site "fics, Oklahoma City, OK USA"]
[Date "2000.11.27"]
[White "RFrancisco"]
[WhiteElo "2334"]
[Black "Ebenfelt"]
[BlackElo "2269"]
[TimeControl "120+0"]
[Result "1-0"]

1. e4 e6 2. Nf3 d5 3. e5 Nc6 4. d4 Nge7 5. Nc3 Nf5 6. Be2 
Be7 7. O-O O-O 8. Be3 Rb8 9. a4 f6 10. Nb5 a6 11. Nxc7 Qxc7 
12. P@d6 Bxd6 13. exd6 Qxd6 14. B@c5 Qd8 15. Bxf8 Qxf8 16. Bf4 P@d6 17. c4 
dxc4 18. Bxc4 P@d5 19. P@c5 P@c7 20. Bd3 Ncxd4 21. Nxd4 Nxd4 22. R@h3 B@f5 
23. Bxf5 Nxf5 24. cxd6 cxd6 25. P@g6 hxg6 26. B@h7+ Kf7 27. Bxg6+ Ke7 28. Bxf5 
P@f7 29. Bxd6+ Kxd6 30. N@e4+ Kc7 31. Rc1+ P@c4 32. P@d6+ Kb6 33. Qd4+ Ka5 
34. b4+ cxb3 35. P@b4+ Kxa4 36. Nc3+ Ka3 37. Ra1+ P@a2 38. N@b1+ Kb2 39. Nd1+ 
Kc1 40. Qb2# 
{Ebenfelt checkmated} 1-0

[Event "fics rated crazyhouse match"]
[Site "fics, Oklahoma City, OK USA"]
[Date "2000.11.27"]
[White "Ebenfelt"]
[WhiteElo "2262"]
[Black "RFrancisco"]
[BlackElo "2341"]
[TimeControl "120+0"]
[Result "0-1"]

1. e4 e6 2. Nc3 Nc6 3. d4 Bb4 4. e5 d6 5. exd6 cxd6 6. Nf3 
Nf6 7. Bg5 P@e7 8. Bxf6 exf6 9. Bd3 B@g6 10. O-O Bxc3 11. bxc3 Bxd3 
12. cxd3 B@h5 13. B@e2 N@f4 14. P@g3 Nxg2 15. Kxg2 e5 16. dxe5 fxe5 17. Kg1 
P@h3 18. Nh4 P@g2 19. Re1 Bxe2 20. Qxe2 O-O 21. B@g4 Bxg4 22. Qxg4 B@g5 
23. N@f5 B@g6 24. Qxh3 Bxh4 25. Nxh4 Qxh4 26. gxh4 N@f4 27. Qxg2 Nxg2 28. Kxg2 
N@f4+ 29. Kf3 Bxd3 30. N@h6+ gxh6 31. N@f6+ Kg7 32. Nh5+ Nxh5 33. P@f6+ Nxf6 
34. Rg1+ P@g6 35. P@g5 Q@e4+ 36. Kg3 Qg4# 
{Ebenfelt checkmated} 0-1

[Event "fics rated crazyhouse match"]
[Site "fics, Oklahoma City, OK USA"]
[Date "2000.11.27"]
[White "RFrancisco"]
[WhiteElo "2347"]
[Black "Ebenfelt"]
[BlackElo "2255"]
[TimeControl "120+0"]
[Result "1-0"]

1. e4 e6 2. d4 d5 3. Nc3 dxe4 4. Nxe4 Nc6 5. Nf3 Be7 6. Bd3 
Nf6 7. Nxf6+ Bxf6 8. P@e5 Bh4 9. O-O N@f5 10. N@h5 Rg8 11. Bxf5 exf5 
12. Nxh4 Qxh4 13. B@g5 Qxh2+ 14. Kxh2 N@g4+ 15. Qxg4 fxg4 16. N@f6+ gxf6 17. Nxf6+ 
Kd8 18. Nxg8+ P@e7 19. Q@f8+ B@e8 20. Bxe7+ Kd7 21. N@c5# 
{Ebenfelt checkmated} 1-0

[Event "fics rated crazyhouse match"]
[Site "fics, Oklahoma City, OK USA"]
[Date "2000.11.27"]
[White "Ebenfelt"]
[WhiteElo "2249"]
[Black "RFrancisco"]
[BlackElo "2353"]
[TimeControl "120+0"]
[Result "0-1"]

1. e4 e6 2. Nc3 Nc6 3. d4 Bb4 4. Nf3 Nf6 5. Bd3 d5 6. Qe2 
dxe4 7. Bxe4 Nxe4 8. Qxe4 B@d5 9. Qg4 P@g6 10. Be3 e5 11. Qg5 Qxg5 
12. Bxg5 Bxf3 13. gxf3 N@e6 14. Bd2 Ncxd4 15. B@e4 P@f5 16. P@e3 fxe4 17. exd4 
Nxd4 18. O-O-O P@a3 19. Q@a4+ Nc6 20. bxa3 Q@a1+ 21. Nb1 B@b2# 
{Ebenfelt checkmated} 0-1

[Event "fics rated crazyhouse match"]
[Site "fics, Oklahoma City, OK USA"]
[Date "2000.11.27"]
[White "RFrancisco"]
[WhiteElo "2359"]
[Black "Ebenfelt"]
[BlackElo "2243"]
[TimeControl "120+0"]
[Result "1-0"]

1. e4 e6 2. d4 d5 3. Nc3 Nc6 4. Nf3 Nge7 5. exd5 Nxd5 6. Bb5 
Bb4 7. Bd2 Bxc3 8. bxc3 O-O 9. O-O N@f4 10. c4 P@e2 11. cxd5 exd1=Q 
12. Raxd1 Q@g4 13. Bxf4 Qxf4 14. dxc6 bxc6 15. Be2 P@e4 16. Ne5 Qdg5 17. B@g3 
Qff5 18. P@g4 Qff6 19. P@f4 Qgxf4 20. Bxf4 Qxf4 21. N@h5 Qh6 22. N@e7+ Kh8 
23. Q@g8+ Rxg8 24. Nxf7# 
{Ebenfelt checkmated} 1-0

[Event "fics rated crazyhouse match"]
[Site "fics, Oklahoma City, OK USA"]
[Date "2000.11.27"]
[White "Ebenfelt"]
[WhiteElo "2237"]
[Black "RFrancisco"]
[BlackElo "2364"]
[TimeControl "120+0"]
[Result "0-1"]

1. e4 e6 2. d4 Nc6 3. Nf3 Nf6 4. Bd3 d6 5. O-O Be7 6. Nc3 
e5 7. dxe5 dxe5 8. Bc4 P@a6 9. Bxf7+ Kxf7 10. Ng5+ Ke8 11. Qxd8+ Kxd8 
12. P@f7 B@e6 13. P@d5 Nd4 14. dxe6 h6 15. f8=Q+ Rxf8 16. Nf7+ Rxf7 17. exf7 
N@h3+ 18. gxh3 Nf3+ 19. Kh1 P@g2+ 20. Kxg2 Nh4+ 21. Kg3 Q@f3+ 22. Kxh4 Qxh3# 
{Ebenfelt checkmated} 0-1

[Event "fics rated crazyhouse match"]
[Site "fics, Oklahoma City, OK USA"]
[Date "2000.11.27"]
[White "RFrancisco"]
[WhiteElo "2369"]
[Black "Ebenfelt"]
[BlackElo "2232"]
[TimeControl "120+0"]
[Result "0-1"]

1. e4 e5 2. Nf3 Nc6 3. Bc4 Bc5 4. O-O Nf6 5. Nc3 O-O 6. d3 
d6 7. Be3 Bg4 8. h3 Bh5 9. a3 Nd4 10. Bxd4 Bxd4 11. Nxd4 exd4 
12. Ne2 N@f4 13. Nxf4 Bxd1 14. Raxd1 B@e5 15. N@e2 Nh5 16. B@h2 Nxf4 17. Bxf4 
Bxf4 18. Nxf4 Qg5 19. B@g3 B@e3 20. fxe3 Qxg3 21. B@h2 Qxe3+ 22. B@f2 N@e2+ 
23. Nxe2 Qxe2 24. N@f4 N@f3+ 25. Kh1 Qxd1 26. Rxd1 R@g5 27. N@h6+ gxh6 28. N@f6+ 
Kh8 29. Bfg3 P@e2 30. Re1 Nxe1 31. Q@g1 R@f1 32. Bxe1 Rxg1+ 33. Bxg1 N@f3 
34. R@g4 B@g7 35. Rxg5 hxg5 36. R@g8+ Rxg8 37. N@g3 h6 
{RFrancisco forfeits on time} 0-1

[Event "fics rated crazyhouse match"]
[Site "fics, Oklahoma City, OK USA"]
[Date "2000.11.27"]
[White "venomous"]
[WhiteElo "2348"]
[Black "VABORIS"]
[BlackElo "2365"]
[TimeControl "60+0"]
[Result "1-0"]

1. e4 e6 2. d4 Nc6 3. Be3 Nf6 4. Bd3 d6 5. Nc3 Be7 6. Nf3 
O-O 7. O-O e5 8. d5 Nb4 9. Be2 Bg4 10. a3 Bxf3 11. Bxf3 Nxc2 
12. Qxc2 P@d4 13. Bxd4 exd4 14. Ne2 B@b6 15. N@f5 N@e5 16. P@h6 d3 17. Qc3 
Nxf3+ 18. gxf3 dxe2 19. B@g2 exf1=Q+ 20. Rxf1 R@g6 21. hxg7 Rxg2+ 22. Kxg2 N@f4+ 
23. Kg1 Ne2+ 24. Kh1 B@g2+ 25. Kxg2 Nf4+ 26. Kg1 B@h8 27. N@h6# 
{VABORIS checkmated} 1-0

[Event "fics rated crazyhouse match"]
[Site "fics, Oklahoma City, OK USA"]
[Date "2000.11.27"]
[White "Ebenfelt"]
[WhiteElo "2243"]
[Black "RFrancisco"]
[BlackElo "2358"]
[TimeControl "120+0"]
[Result "0-1"]

1. e4 e6 2. d4 Nc6 3. Nf3 Nf6 4. Bd3 d6 5. O-O Be7 6. Nc3 
e5 7. dxe5 dxe5 8. Bc4 P@e6 9. Bg5 O-O 10. P@h6 gxh6 11. Bxh6 P@d4 
12. Nb5 Ng4 13. Bxf8 Qxf8 14. R@g3 Qg7 15. P@h3 h5 16. hxg4 hxg4 17. Nfxd4 
B@h5 18. Nxc6 bxc6 19. N@e8 Qg6 20. P@f5 Qh6 21. fxe6 Bxe6 22. Bxe6 fxe6 
23. B@d2 P@f4 24. Nexc7 Rd8 25. P@f7+ Kxf7 26. Bxf4 exf4 27. Qxd8 Bxd8 28. N@e5+ 
Kg7 29. P@f7 N@e2+ 30. Kh1 Nxg3+ 31. fxg3 Bxf7 32. Nxf7 Qxh2+ 33. Kxh2 fxg3+ 
34. Kxg3 Q@h4+ 35. Kf4 R@f5+ 36. Ke3 B@c5# 
{Ebenfelt forfeits on time} 0-1

[Event "fics rated crazyhouse match"]
[Site "fics, Oklahoma City, OK USA"]
[Date "2000.11.27"]
[White "VABORIS"]
[WhiteElo "2357"]
[Black "venomous"]
[BlackElo "2356"]
[TimeControl "60+0"]
[Result "0-1"]

1. e4 e6 2. d4 b6 3. Be3 Bb7 4. Bd3 Nf6 5. Nd2 Nc6 6. c3 
Be7 7. Nh3 e5 8. d5 Na5 9. O-O c6 10. c4 cxd5 11. cxd5 P@f4 
12. Bxf4 exf4 13. Nxf4 B@e5 14. Nh5 Nxh5 15. Qxh5 Bxb2 16. N@f5 P@g6 17. Nxg7+ 
Bxg7 18. Qh3 N@f4 19. Qe3 Nxd3 20. Qxd3 N@e5 21. Qh3 B@g4 22. Qg3 Ba6 
23. Rfe1 h5 24. P@f4 Nec4 25. Nxc4 Nxc4 26. P@f6 Bexf6 27. e5 Be7 28. P@f6 
Bgxf6 29. exf6 P@e2 30. fxe7 Qxe7 31. N@c7+ Kf8 32. Nxa8 P@d2 33. P@g7+ Kxg7 
34. B@d4+ P@f6 35. B@g5 dxe1=Q+ 36. Rxe1 R@f1+ 37. Rxf1 exf1=Q+ 38. Kxf1 R@e1# 
{VABORIS checkmated} 0-1

[Event "fics rated crazyhouse match"]
[Site "fics, Oklahoma City, OK USA"]
[Date "2000.11.27"]
[White "venomous"]
[WhiteElo "2364"]
[Black "VABORIS"]
[BlackElo "2349"]
[TimeControl "60+0"]
[Result "1-0"]

1. e4 e6 2. d4 Nc6 3. Be3 Nf6 4. Bd3 d6 5. Nc3 Be7 6. Nf3 
O-O 7. O-O e5 8. d5 Nb4 9. Be2 Bg4 10. a3 Bxf3 11. Bxf3 Nxc2 
12. Qxc2 P@d4 13. N@f5 dxe3 14. fxe3 B@g6 15. P@h6 Bxf5 16. hxg7 Kxg7 17. exf5 
P@h6 18. Ne4 Ng8 19. f6+ Bxf6 20. Nxf6 Qxf6 21. Be4 Qg5 22. P@f4 exf4 
23. exf4 P@f2+ 24. Kh1 Qh5 25. B@g3 Ne7 26. B@c3+ f6 27. Qxf2 P@e5 28. fxe5 
dxe5 29. B@e2 P@g4 30. P@h3 f5 31. hxg4 fxg4 32. P@f6+ Kg8 33. P@g7 Rf7 
34. P@e6 Rxf6 35. Qxf6 N@f2+ 36. Rxf2 P@f3 37. R@h8# 
{VABORIS checkmated} 1-0

[Event "fics rated crazyhouse match"]
[Site "fics, Oklahoma City, OK USA"]
[Date "2000.11.27"]
[White "RFrancisco"]
[WhiteElo "2363"]
[Black "Ebenfelt"]
[BlackElo "2238"]
[TimeControl "120+0"]
[Result "0-1"]

1. e4 e6 2. d4 d5 3. Nc3 Nc6 4. Nf3 Nge7 5. exd5 exd5 6. Bd3 
P@e4 7. Bxe4 dxe4 8. Nxe4 Nf5 9. O-O Be7 10. d5 Ncd4 11. Ne5 O-O 
12. P@c3 Qxd5 13. cxd4 Qxe4 14. P@f3 P@e2 15. fxe4 exd1=Q 16. Rxd1 N@e2+ 17. Kf1 
B@h5 18. P@f3 Nexd4 19. P@e2 P@h3 20. N@e3 Bxf3 21. gxf3 P@g2+ 22. Nxg2 hxg2+ 
23. Kxg2 Nh4+ 24. Kf1 Q@h1+ 25. B@g1 Qg2+ 26. Ke1 Qxg1+ 27. Kd2 B@h6+ 28. P@e3 
Qxf2 29. P@d3 Qxe3+ 30. Kc3 Nb5+ 31. Kc4 Qc5+ 32. Kb3 P@a4+ 33. Kxa4 N@b6+ 
34. Ka5 Nc3# 
{RFrancisco resigns} 0-1

[Event "fics rated crazyhouse match"]
[Site "fics, Oklahoma City, OK USA"]
[Date "2000.11.27"]
[White "Ebenfelt"]
[WhiteElo "2249"]
[Black "RFrancisco"]
[BlackElo "2352"]
[TimeControl "120+0"]
[Result "1-0"]

1. e4 e6 2. d4 Nc6 3. Nf3 Nf6 4. Bd3 d6 5. O-O Be7 6. Nc3 
O-O 7. e5 Nd5 8. Ne4 dxe5 9. Nxe5 P@f5 10. Ng3 Nxd4 11. P@h6 Bf6 
12. hxg7 Bxg7 13. Nc4 P@e4 14. Nxe4 fxe4 15. Bxe4 P@f5 16. Bxd5 Qxd5 17. N@e7+ 
Kh8 18. Nxd5 exd5 19. P@h6 Rg8 20. hxg7+ Rxg7 21. Q@f8+ N@g8 22. B@f6 B@h6 
23. Bxh6 
{RFrancisco resigns} 1-0

[Event "fics rated crazyhouse match"]
[Site "fics, Oklahoma City, OK USA"]
[Date "2000.11.27"]
[White "VABORIS"]
[WhiteElo "2341"]
[Black "venomous"]
[BlackElo "2372"]
[TimeControl "60+0"]
[Result "0-1"]

1. e4 e6 2. d4 b6 3. Be3 Bb7 4. Bd3 Nf6 5. Nd2 Nc6 6. c3 
Be7 7. Nh3 e5 8. d5 Na5 9. O-O c6 10. c4 cxd5 11. exd5 P@f4 
12. Bxf4 exf4 13. Nxf4 B@e5 14. P@g5 Bxf4 15. gxf6 Bxf6 16. Re1+ P@e7 17. N@h5 
B4e5 18. P@g5 Bxb2 19. gxf6 Bxf6 20. P@h6 Rg8 21. Bxh7 Qc7 22. Bxg8 O-O-O 
23. Bxf7 Bxa1 24. P@e6 dxe6 25. Bxe6+ P@d7 26. Bxd7+ Rxd7 27. B@e6 B@e5 28. Bxd7+ 
Kb8 29. R@e8+ N@d8 30. d6 Bxd6 31. P@c6 Bxc6 32. Rxd8+ Qxd8 33. R@c8+ Qxc8 
34. Bxc8 Bxh2+ 35. Kh1 Kxc8 36. P@b7+ Nxb7 37. P@d7+ Bxd7 38. N@a6 P@h3 39. Kxh2 
B@d6+ 40. B@g3 Bxg3+ 41. fxg3 B@d6 42. Ne4 Bxg3+ 43. Nexg3 R@h1# 
{VABORIS forfeits on time} 0-1

[Event "fics rated crazyhouse match"]
[Site "fics, Oklahoma City, OK USA"]
[Date "2000.11.27"]
[White "venomous"]
[WhiteElo "2379"]
[Black "VABORIS"]
[BlackElo "2334"]
[TimeControl "60+0"]
[Result "1-0"]

1. e4 d5 2. exd5 e6 3. Bb5+ c6 4. dxc6 bxc6 5. Be2 Nf6 6. d4 
P@c5 7. Nf3 cxd4 8. Nxd4 e5 9. Nf3 Bb4+ 10. P@c3 Qxd1+ 11. Bxd1 e4 
12. Nd4 P@c5 13. Ne2 Ba5 14. Nd2 Ba6 15. P@c4 Nbd7 16. P@g5 O-O 17. gxf6 
Nxf6 18. N@e7+ Kh8 19. Nb3 Bxc4 20. Nxa5 Bxe2 21. Bxe2 N@h4 22. B@h3 P@g4 
23. B@h6 gxh3 24. Bxg7# 
{VABORIS resigns} 1-0

[Event "fics rated crazyhouse match"]
[Site "fics, Oklahoma City, OK USA"]
[Date "2000.11.27"]
[White "RFrancisco"]
[WhiteElo "2342"]
[Black "Ebenfelt"]
[BlackElo "2259"]
[TimeControl "120+0"]
[Result "1-0"]

1. e4 e6 2. d4 d5 3. e5 Ne7 4. Nc3 Nf5 5. Nh3 Nc6 6. Bb5 
Be7 7. Nf4 Bd7 8. Nh5 Rg8 9. O-O Ncxd4 10. Bxd7+ Qxd7 11. Be3 P@e2 
12. Nxe2 B@g4 13. Nxd4 Bxd1 14. Raxd1 Nxd4 15. Bxd4 Q@g4 16. B@f3 Qg5 17. B@f4 
Qf5 18. N@g3 Qxc2 19. Rc1 Qca4 20. P@d6 cxd6 21. exd6 Bxd6 22. Bxd6 Qxd6 
23. B@e5 Qdd7 24. Nxg7+ Kf8 25. N@f6 N@g5 26. Nxd7+ Qxd7 27. P@e7+ Qxe7 28. Bf6 
Nxf3+ 29. Kh1 P@h3 30. Bxe7+ Kxe7 31. P@f6+ Kd7 32. Q@e7# 
{Ebenfelt checkmated} 1-0

[Event "fics rated crazyhouse match"]
[Site "fics, Oklahoma City, OK USA"]
[Date "2000.11.28"]
[White "LINDEGREN"]
[WhiteElo "2395"]
[Black "pminear"]
[BlackElo "2455"]
[TimeControl "60+0"]
[Result "1-0"]

1. e4 e5 2. Nc3 Nc6 3. Nf3 Bc5 4. Bc4 Nf6 5. O-O O-O 6. d3 
d6 7. Be3 Bg4 8. h3 Bxf3 9. Qxf3 N@d4 10. Qd1 Bb4 11. Ne2 Nxe2+ 
12. Qxe2 N@f4 13. Bxf4 Nd4 14. Qe3 Nxc2 15. Qg3 exf4 16. Qxf4 Nxa1 17. N@f5 
B@e5 18. N@h6+ Kh8 19. Qg5 R@g6 20. Qxg6 hxg6 21. Rxa1 Q@h2+ 22. Kf1 P@e2+ 
23. Kxe2 Qxg2 24. B@f3 Qg5 25. P@h4 Qd2+ 26. Kf1 Qxb2 27. R@b1 Qc2 28. Ng4 
Nxg4 29. hxg4 N@h2+ 30. Kg2 Nxf3 31. P@h6 Nxh4+ 32. Nxh4 P@h3+ 33. Kxh3 gxh6 
34. P@f6 Qxf6 35. Nxg6+ fxg6 36. P@g7+ Qxg7 37. N@h5 Rf7 38. Bxf7 Bg3 39. Nxg7 
Kxg7 40. R@h7# 
{pminear forfeits on time} 1-0

[Event "fics rated crazyhouse match"]
[Site "fics, Oklahoma City, OK USA"]
[Date "2000.11.28"]
[White "pminear"]
[WhiteElo "2446"]
[Black "LINDEGREN"]
[BlackElo "2404"]
[TimeControl "60+0"]
[Result "1-0"]

1. e4 Nf6 2. Nc3 Nc6 3. d4 d5 4. exd5 Nxd5 5. Nf3 e6 6. Bd3 
Bb4 7. Bd2 P@a3 8. O-O Bxc3 9. bxc3 N@f4 10. B@g5 Nxd3 11. Bxd8 Kxd8 
12. cxd3 B@e7 13. c4 Nf6 14. N@e5 Nxe5 15. Nxe5 B@e8 16. P@g5 Nd7 17. Nxd7 
Bcxd7 18. N@e5 N@f5 19. Rb1 Nxd4 20. Rxb7 P@e2 21. Q@b8+ Rxb8 22. Rxb8# 
{LINDEGREN resigns} 1-0

[Event "fics rated crazyhouse match"]
[Site "fics, Oklahoma City, OK USA"]
[Date "2000.11.28"]
[White "LINDEGREN"]
[WhiteElo "2397"]
[Black "pminear"]
[BlackElo "2453"]
[TimeControl "60+0"]
[Result "0-1"]

1. e4 e5 2. Nc3 Nc6 3. Nf3 Bc5 4. Bc4 Nf6 5. O-O O-O 6. d3 
d6 7. Be3 Bg4 8. Bxc5 dxc5 9. h3 Bxf3 10. Qxf3 Nd4 11. Qd1 B@h5 
12. B@g4 Nxg4 13. hxg4 Bg6 14. N@f5 Bxf5 15. exf5 N@f4 16. B@f3 Nxf3+ 17. Qxf3 
N@h4 18. Qg3 Nhxg2 19. N@h5 Nxh5 20. gxh5 B@g5 21. B@g6 Nh4 22. Bxh7+ Kh8 
23. Bxf7 N@f3+ 24. Kh1 Rxf7 25. N@g6+ Nxg6 26. hxg6 N@h4 27. gxf7 P@g2+ 28. Qxg2 
Nxg2 29. R@g8+ Kxh7 30. P@g6+ Kh6 31. Kxg2 Nh4+ 32. Kh3 Q@g2# 
{LINDEGREN checkmated} 0-1

[Event "fics rated crazyhouse match"]
[Site "fics, Oklahoma City, OK USA"]
[Date "2000.11.28"]
[White "pminear"]
[WhiteElo "2460"]
[Black "LINDEGREN"]
[BlackElo "2390"]
[TimeControl "60+0"]
[Result "0-1"]

1. e4 Nf6 2. Nc3 Nc6 3. d4 d5 4. exd5 Nxd5 5. Nf3 e6 6. Bd3 
Bb4 7. Bd2 P@a3 8. O-O axb2 9. Nxd5 bxa1=Q 10. Qxa1 exd5 11. Bxb4 Nxb4 
12. B@c5 B@e7 13. Bxe7 Qxe7 14. B@c5 B@d6 15. Bxd6 cxd6 16. P@e5 P@h3 17. exd6 
Qxd6 18. Re1+ P@e4 19. B@c5 Qg6 20. Bb5+ B@c6 21. Bxc6+ bxc6 22. N@d6+ Kd8 
23. P@e7+ Kc7 24. e8=N+ Rxe8 25. Nxe8+ Kb7 26. Nd6+ Kb8 27. B@g3 P@f4 28. Bxb4 
hxg2 29. P@c7+ Kxc7 30. N@e8+ Kd8 31. Nxf7+ Qxf7 32. P@c7+ Qxc7 33. Nxc7 N@h3+ 
34. Kxg2 exf3+ 35. Kxf3 B@g4+ 36. Kg2 P@f3+ 37. Kf1 P@g2# 
{pminear checkmated} 0-1

[Event "fics rated crazyhouse match"]
[Site "fics, Oklahoma City, OK USA"]
[Date "2000.11.28"]
[White "LINDEGREN"]
[WhiteElo "2400"]
[Black "pminear"]
[BlackElo "2450"]
[TimeControl "60+0"]
[Result "1-0"]

1. e4 e5 2. Nc3 Nc6 3. Nf3 Bc5 4. Bc4 Nf6 5. Bxf7+ Kxf7 6. Ng5+ 
Kf8 7. O-O B@h5 8. d3 d6 9. P@f3 Nd4 10. Be3 h6 11. Bxd4 hxg5 
12. Bxc5 dxc5 13. B@f5 N@f4 14. Bxc8 Qxc8 15. B@f5 B@d7 16. Bxd7 Qxd7 17. B@f5 
Qf7 18. N@e2 g6 19. Nxf4 gxf4 20. N@e6+ Kg8 21. Ng5 Qg7 22. Be6+ Kf8 
23. Nd5 Nxd5 24. exd5 N@f6 25. Bh3 B@g8 26. N@e6+ Bxe6 27. Nxe6+ Kg8 28. Nxg7 
Kxg7 29. B@e7 B@g5 30. Bxf6+ Bxf6 31. N@e6+ Kh7 32. Q@d7+ B@g7 33. Qxc7 Raf8 
34. P@g5 Bxg5 35. Qxg7# 
{pminear checkmated} 1-0

[Event "fics rated crazyhouse match"]
[Site "fics, Oklahoma City, OK USA"]
[Date "2000.11.28"]
[White "pminear"]
[WhiteElo "2441"]
[Black "LINDEGREN"]
[BlackElo "2409"]
[TimeControl "60+0"]
[Result "0-1"]

1. e4 Nf6 2. e5 Nc6 3. exf6 gxf6 4. d4 d5 5. Nc3 Rg8 6. Qh5 
Rg7 7. Qxd5 Bg4 8. P@f3 Qxd5 9. Nxd5 Q@a5+ 10. N@c3 Be6 11. Bd2 Bxd5 
12. Nb5 P@b4 13. a3 a6 14. Nxc7+ Qxc7 15. axb4 e5 16. P@c4 Nxd4 17. Bd3 
Bxc4 18. Bxc4 Nxc2+ 19. Kf1 Qxc4+ 20. P@e2 N@b3 21. B@d3 Nxd2# 
{pminear checkmated} 0-1

[Event "fics rated crazyhouse match"]
[Site "fics, Oklahoma City, OK USA"]
[Date "2000.11.28"]
[White "LINDEGREN"]
[WhiteElo "2418"]
[Black "pminear"]
[BlackElo "2432"]
[TimeControl "60+0"]
[Result "0-1"]

1. e4 e5 2. Nc3 Nc6 3. Nf3 Bc5 4. Bc4 Nf6 5. Bxf7+ Kxf7 6. Ng5+ 
Kf8 7. O-O B@h5 8. d3 d6 9. P@f3 h6 10. Nh3 Bxh3 11. gxh3 Bxf3 
12. Qxf3 Nd4 13. B@g2 Nxf3+ 14. Bxf3 N@h4 15. B@g2 P@f7 16. Be3 Q@g6 17. Kh1 
Nxf3 18. Bxf3 B@h5 19. Bxh5 Nxh5 20. B@g2 Nf4 21. Bxf4 exf4 22. N@f3 B@h5 
23. N@h4 Qxg2+ 24. Kxg2 B@f6 25. Kh1 Bxh4 26. Nxh4 Qxh4 27. N@g2 B@f3 28. Rg1 
Qxh3 29. Nd5 Bxf2 30. Q@e7+ Kg8 
{LINDEGREN forfeits on time} 0-1

[Event "fics rated crazyhouse match"]
[Site "fics, Oklahoma City, OK USA"]
[Date "2000.11.28"]
[White "pminear"]
[WhiteElo "2440"]
[Black "LINDEGREN"]
[BlackElo "2410"]
[TimeControl "60+0"]
[Result "1-0"]

1. e4 Nf6 2. e5 Nd5 3. Nc3 e6 4. Nxd5 exd5 5. d4 d6 6. Nf3 
Nc6 7. Bb5 Bd7 8. Qe2 N@e4 9. c4 Nxf2 10. Qxf2 P@e4 11. Ng5 Qxg5 
12. Bxg5 dxe5 13. O-O P@f3 14. cxd5 Bd6 15. N@h5 Rg8 16. N@f6+ gxf6 17. Nxf6+ 
Kd8 18. Nxg8+ Kc8 19. dxc6 
{LINDEGREN resigns} 1-0